 Dungeon Crawl Stone Soup version 0.29.1-1-gd02db6906a (webtiles) character file.

Game seed: 13910016595831283707

6121 porpoise the Cleaver (level 11, -4/84 HPs)
             Began as a Formicid Abyssal Knight on Sept 29, 2022.
             Was a High Priest of Lugonu.
             Slain by a centaur warrior
             ... wielding a +4 morningstar
              (15 damage)
             ... on level 9 of the Dungeon.
             The game lasted 00:37:36 (9523 turns).

porpoise the Cleaver (Formicid Abyssal Knight)      Turns: 9523, Time: 00:37:37

Health: -4/84      AC: 15    Str: 21    XL:     11   Next: 12%
Magic:  17/17      EV:  5    Int:  9    God:    Lugonu [*****.]
Gold:   513        SH:  8    Dex: 16    Spells: 10/10 levels left

rFire   . . .      SeeInvis +   a - +2 hand axe (freeze)
rCold   . . .      Faith    .   g - +1 kite shield
rNeg    + . .      Spirit   .   J - +0 plate armour
rPois   .          Reflect  .   (helmet unavailable)
rElec   .          Harm     .   (no cloak)
rCorr   .          Rampage  .   (no gloves)
Will    +....                   p - +2 pair of boots
Stlth   ..........              (no amulet)
HPRegen 0.24/turn               x - +4 ring of slaying
MPRegen 0.15/turn               D - ring of positive energy

@: no status effects
A: permanent stasis, dig shafts and tunnels, antennae 3, four strong arms
a: Dig, Shaft Self, Renounce Religion, Depart the Abyss, Bend Space, Banish,
Corrupt, Enter the Abyss


You were on level 9 of the Dungeon.
You worshipped Lugonu.
Lugonu was extremely pleased with you.
You visited 1 branch of the dungeon, and saw 9 of its levels.
You visited the Abyss 1 time.

You collected 513 gold pieces.

Inventory:

Hand Weapons
 a - a +2 hand axe of freezing (weapon)
 b - a +2 arbalest of flaming
 t - a +0 morningstar of protection
 N - a +2 falchion of holy wrath
 Q - a +0 dire flail
Missiles
 k - 3 boomerangs
 l - 15 poisoned darts (quivered)
 M - 2 throwing nets
Armour
 g - a +1 kite shield (worn)
 p - a +2 pair of boots (worn)
 r - a +1 pair of boots of rampaging
 u - +0 steam dragon scales
 y - the +0 ring mail of Nymo {Regen+}
   (You found it on level 6 of the Dungeon)

   Regen:     It increases your rate of health regeneration.
 J - a +0 plate armour (worn)
 K - a +0 scale mail of fire resistance
Jewellery
 c - a ring of fire
 x - a +4 ring of slaying (left hand)
 D - a ring of positive energy (right hand)
Wands
 s - a wand of roots (4)
 w - a wand of polymorph (12)
 A - a wand of digging (7)
 B - a wand of mindburst (7)
 C - a wand of light (18)
 P - a wand of flame (19)
Scrolls
 f - 2 scrolls of enchant armour
 h - a scroll of noise
 j - a scroll of vulnerability
 E - a scroll of poison {unknown}
 F - a scroll of fear
 G - 3 scrolls of butterflies
 H - 3 scrolls of enchant weapon
 I - a scroll of brand weapon
 O - 2 scrolls of magic mapping
Potions
 d - 3 potions of brilliance
 e - 2 potions of attraction
 i - a potion of flight
 m - a potion of cancellation
 n - 2 potions of lignification
 o - a potion of mutation
 q - a potion of berserk rage {unknown}
 v - a potion of ambrosia {unknown}
 z - 3 potions of curing
 R - 2 potions of heal wounds
Miscellaneous
 L - a piece from Xom's chessboard (13/15)


   Skills:
 - Level 7.0 Fighting
 * Level 12.4 Axes
 + Level 5.6 Armour
 - Level 0.8 Dodging
 - Level 9.0 Invocations


You had 10 spell levels left.
You didn't know any spells.
Your spell library contained the following spells:

 Spells                   Type           Power      Damage    Failure   Level
 Ensorcelled Hibernation  Hex/Ice        0%         N/A       100%        2
 Static Discharge         Conj/Air       0%         3-3/arc   100%        2
 Spider Form              Tmut/Pois      0%         N/A       100%        3
 Stone Arrow              Conj/Erth      0%         3d7       100%        3
 Anguish                  Hex/Necr       0%         N/A       100%        4
 Animate Armour           Summ/Erth      0%         N/A       100%        4
 Cause Fear               Hex            0%         N/A       100%        4
 Lightning Bolt           Conj/Air       0%         1d11      100%        5
 Dragon Form              Tmut           0%         N/A       100%        7
 Lehudib's Crystal Spear  Conj/Erth      0%         10d2      100%        8
 Maxwell's Capacitive Co  Air            0%         ∞         100%        8
 Dragon's Call            Summ           0%         N/A       100%        9


Dungeon Overview and Level Annotations

Branches:
Dungeon (9/15)             Temple (0/1) D:6
   Lair: D:8-11         Orc: D:9-12

Altars:
Ashenzari
Elyvilon
Ru
Uskayaw
Xom

Shops:
D:2 ?


Innate Abilities, Weirdness & Mutations

You cannot be hasted, slowed, berserked, paralysed or teleported.
You can dig through walls and to a lower floor.
You have a pair of large antennae on your head. (SInv)
Your four strong arms can wield two-handed weapons with a shield.


Message History

You start resting.
A centaur warrior is nearby!
You hit the centaur warrior. You freeze the centaur warrior.
The centaur warrior is lightly wounded.
The centaur warrior hits you with a +4 morningstar!
The centaur warrior kicks you but does no damage.
You barely miss the centaur warrior.
The centaur warrior is lightly wounded.
The centaur warrior hits you with a +4 morningstar!
The centaur warrior kicks you but does no damage.
You barely miss the centaur warrior.
The centaur warrior is lightly wounded.
The centaur warrior hits you with a +4 morningstar!
The centaur warrior kicks you. You block the centaur warrior's attack.
The centaur warrior kicks you.
You slash the centaur warrior! You freeze the centaur warrior.
The centaur warrior is moderately wounded.
You block the centaur warrior's attack.
The centaur warrior kicks you but does no damage.
You barely miss the centaur warrior.
The centaur warrior is moderately wounded.
The centaur warrior hits you with a +4 morningstar.
The centaur warrior kicks you but does no damage.
You closely miss the centaur warrior.
The centaur warrior is moderately wounded.
The centaur warrior hits you with a +4 morningstar.
The centaur warrior kicks you but does no damage.
You are too injured to fight recklessly!
You slash the centaur warrior! You freeze the centaur warrior.
The centaur warrior is heavily wounded.
The centaur warrior hits you with a +4 morningstar!
The centaur warrior kicks you but does no damage.
The centaur warrior hits you with a +4 morningstar!
* * * LOW HITPOINT WARNING * * *
The centaur warrior kicks you.
* * * LOW HITPOINT WARNING * * *
You hit the centaur warrior. You freeze the centaur warrior.
The centaur warrior is heavily wounded.
The centaur warrior hits you with a +4 morningstar!
You die...

******########################
****,,,,,........................
,,,*,,,,,*#.......#.....###..###.
,_,***,,,*#.......#.....###..# #.
,,,* *,,,*#.......#..........###.
+++* *,,,*#..>....#..............
,,,***,,,##.......#..............
,*,+,,,,,.......@.†.$.....)......
,*,+,+***#######c#....###+#######
,*,+,,,,,,,,*#.)[#.##.#,,,*
,,,*,,,,,,,,*#...#.##.#,,,*
+++*,,,,*****#...#.##.#*****
,,,***,,*,,,,#...#.##..,,,,*
,_,***,,*,,,,+...#.....,*,,******
,,,*,*,,*,,,,#...#####..*,,*,,,,#
****,*,,*,*,,#...o,,,*,,,,,*,,,,#


You could see a centaur warrior.

Vanquished Creatures
  2 two-headed ogres (D:8)
  Grinder (D:5)
  A slime creature (D:7)
  Prince Ribbit (D:6)
  A wyvern (D:9)
  6 yaks
  A steam dragon (D:7)
  A water moccasin (D:9)
  3 sky beasts (D:7)
  4 black bears
  3 orc warriors
  2 centaurs
  2 ogres (D:6)
  A phantom (D:4)
  A kobold brigand (D:8)
  5 bullfrogs
  A scorpion (D:7)
  A wight (D:8)
  5 killer bees (D:9)
  4 howler monkeys
  3 jellies
  4 orc priests
  3 hounds
  3 iguanas
  Jessica (D:3)
  Ijyb (D:3)
  10 orc wizards
  4 gnolls (D:7)
  5 adders
  A river rat (D:5)
  3 shadow imps (D:6)
  3 white imps
  3 ufetubi
  2 worms
  3 dart slugs
  25 orcs
  4 ball pythons
  6 endoplasms
  2 giant cockroaches
  3 goblins
  7 hobgoblins
  4 jackals (D:5)
  15 kobolds
  2 quokkas
  6 bats
  5 rats
  A butterfly (D:6)
175 creatures vanquished.

Vanquished Creatures (others)
  An orc (D:7)
  A plant (D:1)
2 creatures vanquished.

Grand Total: 177 creatures vanquished

Notes
Turn   | Place    | Note
-------+----------+-------------------------------------------
     0 | Abyss:1  | porpoise the Formicid Abyssal Knight began the quest for
                  | the Orb.
     0 | Abyss:1  | Reached XP level 1. HP: 18/18 MP: 2/2
     1 | D:1      | Escaped the Abyss
   176 | D:1      | Reached XP level 2. HP: 24/24 MP: 3/3
   722 | D:1      | Found a faded altar of an unknown god.
   992 | D:2      | Reached XP level 3. HP: 29/30 MP: 4/4
  1011 | D:2      | Found Zyklefui's Magic Scroll Boutique.
  1057 | D:2      | Reached skill level 3 in Axes
  1349 | D:2      | You fall into a shaft and drop 2 floors!
  1350 | D:4      | Found Ympawih's Jewellery Shop.
  1449 | D:4      | Noticed a black bear
  1459 | D:4      | Killed a black bear
  1460 | D:4      | Reached skill level 4 in Axes
  1460 | D:4      | Reached XP level 4. HP: 24/38 MP: 5/5
  1460 | D:4      | Reached XP level 5. HP: 27/43 MP: 6/6
  1780 | D:3      | Noticed Jessica
  1792 | D:3      | Reached *** piety under Lugonu
  1793 | D:3      | Killed Jessica
  1918 | D:3      | Reached XP level 6. HP: 45/49 MP: 7/7
  2023 | D:3      | Reached skill level 5 in Axes
  2368 | D:3      | Found a sacrificial altar of Ru.
  2420 | D:3      | Noticed Ijyb
  2428 | D:3      | Killed Ijyb
  2429 | D:3      | Reached skill level 5 in Fighting
  3009 | D:4      | Reached XP level 7. HP: 41/56 MP: 8/8
  3021 | D:4      | Reached skill level 6 in Axes
  3263 | D:4      | Found a stormy altar of Qazlal.
  3265 | D:4      | Found a shimmering altar of Xom.
  3265 | D:4      | Found a hide-covered altar of Uskayaw.
  3272 | D:4      | Found a hide-covered altar of Uskayaw.
  3272 | D:4      | Found a shimmering altar of Xom.
  3272 | D:4      | Found a broken altar of Ashenzari.
  3851 | D:5      | Entered Level 5 of the Dungeon
  3983 | D:5      | Noticed Grinder
  3999 | D:5      | Killed Grinder
  4104 | D:5      | Found a broken altar of Ashenzari.
  4340 | D:5      | Found a white marble altar of Elyvilon.
  4385 | D:5      | Reached XP level 8. HP: 51/64 MP: 10/10
  4773 | D:6      | Reached **** piety under Lugonu
  4775 | D:6      | Reached skill level 7 in Axes
  4989 | D:6      | Found a staircase to the Ecumenical Temple.
  5071 | D:6      | Identified the +0 ring mail of Nymo {Regen+}
  5175 | D:6      | Reached skill level 8 in Axes
  5175 | D:6      | Reached skill level 5 in Invocations
  5405 | D:6      | Noticed Prince Ribbit
  5428 | D:6      | Killed Prince Ribbit
  5429 | D:6      | Reached XP level 9. HP: 34/72 MP: 11/13
  6045 | D:7      | Reached skill level 9 in Axes
  6590 | D:7      | Noticed a slime creature
  6644 | D:7      | Found a transporter.
  6675 | D:7      | Found a transporter.
  6882 | D:7      | Reached skill level 10 in Axes
  6940 | D:7      | Killed a slime creature
  6940 | D:7      | Reached ***** piety under Lugonu
  6941 | D:7      | Reached XP level 10. HP: 67/79 MP: 15/15
  7299 | D:8      | Noticed a two-headed ogre
  7299 | D:8      | Noticed a two-headed ogre
  7324 | D:8      | Killed a two-headed ogre
  7325 | D:8      | Reached skill level 11 in Axes
  7869 | D:8      | Killed a two-headed ogre
  8931 | D:9      | Reached skill level 12 in Axes
  8950 | D:9      | Reached skill level 5 in Armour
  9086 | D:9      | Reached XP level 11. HP: 47/84 MP: 17/17
  9485 | D:9      | Noticed a centaur warrior
  9523 | D:9      | Slain by a centaur warrior

Illustrated notes

Levels and vault maps discovered:
D:1:      spicycebolla_arrival_xxxplode, layout_basic,
          shapermc_ecumenical_altar_venn, serial_forest,
          infiniplex_forest_straight_5, infiniplex_forest_lined_2,
          infiniplex_forest_lined_3, infiniplex_forest_corner_1,
          infiniplex_forest_straight_2, infiniplex_forest_straight_5
D:2:      layout_basic, serial_forest, infiniplex_forest_straight_3,
          infiniplex_forest_end_1, infiniplex_forest_zigzag_2,
          infiniplex_forest_straight_2, infiniplex_forest_straight_2,
          infiniplex_forest_clump_small, infiniplex_forest_lined_ring,
          serial_shops, shop
D:3:      layout_loops_corners, mainiacjoe_overflow_small_starburst, uniq_ijyb,
          uniq_jessica
D:4:      layout_loops_corners, doesnt_xom_only_xom, serial_shops, shop
D:5:      layout_basic, nicolae_ashenzari_skybound, elyvilon_altar_4,
          portal_sewer_entry_b, minmay_misc_feat_secret_circle,
          minmay_misc_feat_diagonals, uniq_grinder
D:6:      layout_rooms, minmay_temple_entry_butterflies, serial_curves,
          eino_curves_01, eino_curves_01, uniq_prince_ribbit1
D:7:      gammafunk_the_bubble [the_bubble_gammafunk_split], layout_basic
D:8:      layout_loops_corners, kennysheep_generic_room_10
D:9:      minmay_distorted_concentric_squares, layout_stronghold,
          mainiacjoe_overflow_big_doors, nicolae_tso_carved_into_rock

Skill      XL: |  1  2  3  4  5  6  7  8  9 10 |
---------------+-------------------------------+-----
Axes           | 4 5 6 8 10 12 | 12.4
Fighting       | 4 5 7 |  7.0
Invocations    | 3 5 7 9 |  9.0
Armour         | 5 |  5.6
Dodging        | |  0.8

Action                   |  1- 3 |  4- 6 |  7- 9 | 10-12 || total
-------------------------+-------+-------+-------+-------++-------
Melee: Hand axe          |    70 |   110 |   232 |   152 ||   564
       Quarterstaff      |       |    15 |       |       ||    15
       Unarmed           |       |     1 |       |       ||     1
       Morningstar       |       |       |       |    58 ||    58
 Fire: Arbalest          |       |       |    12 |       ||    12
Throw: Boomerang         |       |       |     5 |       ||     5
       Dart              |       |       |     2 |     1 ||     3
Invok: Bend Space        |       |       |       |     1 ||     1
 Abil: Dig               |       |       |     1 |       ||     1
Evoke: Wand              |       |       |     7 |     2 ||     9
       Piece from Xom's  |       |       |       |     2 ||     2
  Use: Scroll            |       |       |    16 |     4 ||    20
       Potion            |       |       |     2 |     1 ||     3
 Stab: Invisible         |       |       |     1 |     1 ||     2
Armor: Leather armour    |    24 |       |       |       ||    24
       Ring mail         |    18 |    43 |    69 |       ||   130
       Plate armour      |       |       |       |    96 ||    96
       Skin              |       |       |       |    32 ||    32
Dodge: Dodged            |    38 |    31 |    90 |    36 ||   195
Block: Kite shield       |    16 |    34 |    71 |   102 ||   223
